 Dungeon Crawl Stone Soup version 0.17-a0-1409-ge6d9485 (webtiles) character file.

23 MackTheKnife the Poker (level 3, -1/27 HPs)
             Began as a Merfolk Skald on June 22, 2015.
             Slain by a hobgoblin
             ... wielding a +0 club
              (4 damage)
             ... on level 2 of the Dungeon.
             The game lasted 00:01:17 (981 turns).

MackTheKnife the Poker (Merfolk Skald)               Turns: 981, Time: 00:01:17

Health: -1/27      AC:  3    Str: 12    XL:     3   Next: 0%
Magic:  6/6        EV: 11    Int: 11    God:
Gold:   64         SH:  0    Dex: 14    Spells: 1 memorised, 5 levels left

rFire  . . .     SeeInvis .     a - +0 spear
rCold  . . .     Clarity  .     b - +0 leather armour
rNeg   . . .     SustAt   .     (no shield)
rPois  .         Gourm    .     (no helmet)
rElec  .         Spirit   .     (no cloak)
rCorr  .         Warding  .     (no gloves)
rMut   .         Stasis   .     (no boots)
MR     .....                    (no amulet)
Stlth  +.........               (no ring)
                                (no ring)

@: not resistant to hostile enchantments, very unstealthy
A: change form in water, swift swim
a: no special abilities


You were on level 2 of the Dungeon.
You were not hungry.

You visited 1 branch of the dungeon, and saw 2 of its levels.

You collected 64 gold pieces.

Inventory:

Hand weapons
 a - a +0 spear (weapon)
Armour
 b - a +0 leather armour (worn)
Scrolls
 e - a scroll of identify {unknown}
 f - a scroll of remove curse {unknown}
 h - a scroll of magic mapping {unknown}
Potions
 g - a potion of degeneration {unknown}
Books
 c - a book of Battle
Comestibles
 d - a bread ration {@e1}


   Skills:
 - Level 2.1 Fighting
 + Level 4.9 Polearms
 - Level 0.6 Armour
 - Level 1.3 Dodging
 - Level 2.0 Spellcasting
 - Level 3.2 Charms


You had 5 spell levels left.
You knew the following spells:

 Your Spells              Type           Power        Failure   Level  Hunger
a - Infusion              Chrm           #.....       12%         1    ##.....


Dungeon Overview and Level Annotations

Branches:
Dungeon (2/15)

Altars:


Message History

The hobgoblin shouts!
A hobgoblin is nearby!
A hobgoblin is nearby!
Attack whom?
Aim: a hobgoblin You reach to attack!
You hit the hobgoblin but do no damage. You hit the hobgoblin.
The hobgoblin hits you.
You take 3 damage, and have 15/22 hp.
You barely miss the hobgoblin. The hobgoblin hits you.
You take 3 damage, and have 12/22 hp.
You are too injured to fight recklessly!
You are too injured to fight recklessly!
You hit the hobgoblin. The hobgoblin barely misses you.
You barely miss the hobgoblin. The hobgoblin hits you.
You take 3 damage, and have 9/22 hp.
You closely miss the hobgoblin.
The hobgoblin hits you but does no damage.
You hit the hobgoblin but do no damage. You barely miss the hobgoblin.
The hobgoblin completely misses you.
You barely miss the hobgoblin. The hobgoblin closely misses you.
You hit the hobgoblin.
You kill the hobgoblin!
You start resting.
Health restored: 22 Done exploring.
Done exploring.
Done exploring.
(D) Dungeon
Where to? (? - help)
What level of the Dungeon? (default 1, ? - help)
You see here a club.
There is a stone staircase leading down here.
You climb downwards.
There is a stone staircase leading up here.
You open the door.
There is an open door here.
You open the door.
There is an open door here.
You open the door.
There is an open door here.
You see here a leather armour.
You now have 64 gold pieces (gained 12).
A goblin comes into view. It is wielding a club.
The goblin shouts!
A goblin is nearby!
A giant gecko comes into view.
A hobgoblin comes into view. It is wielding a club.
The hobgoblin shouts!
You closely miss the goblin. The goblin misses you.
You hit the goblin but do no damage. The goblin closely misses you.
You barely miss the giant gecko. The giant gecko bites you.
The goblin hits you but does no damage.
You take 1 damage, and have 21/22 hp.
You hit the giant gecko. The giant gecko barely misses you.
The giant gecko barely misses you.
There is an open door here.
You hit the goblin. The goblin hits you with a club.
You take 1 damage, and have 20/22 hp.
You hit the goblin.
You kill the goblin!
You hit the giant gecko.
You kill the giant gecko!
You have reached level 3!
Your experience leads to an increase in your attributes!
Increase (S)trength, (I)ntelligence, or (D)exterity?
You feel agile.
You regained 4 hp, and now have 24/27 hp.
MP restored: 6 You hit the hobgoblin but do no damage.
The hobgoblin closely misses you.
You hit the hobgoblin but do no damage. The hobgoblin hits you with a club.
You take 2 damage, and have 22/27 hp.
You barely miss the hobgoblin. The hobgoblin barely misses you.
You closely miss the hobgoblin. You closely miss the hobgoblin.
The hobgoblin hits you with a club.
You take 2 damage, and have 20/27 hp.
You completely miss the hobgoblin. The hobgoblin hits you with a club.
You take 2 damage, and have 18/27 hp.
You closely miss the hobgoblin. You hit the hobgoblin.
The hobgoblin hits you with a club.
You take 4 damage, and have 14/27 hp.
You closely miss the hobgoblin.
The hobgoblin hits you but does no damage.
You hit the hobgoblin. The hobgoblin closely misses you.
You hit the hobgoblin. You closely miss the hobgoblin.
The hobgoblin hits you with a club.
You take 2 damage, and have 12/27 hp.
You hit the hobgoblin but do no damage. The hobgoblin closely misses you.
You hit the hobgoblin but do no damage. The hobgoblin hits you with a club.
* * * LOW HITPOINT WARNING * * *
You take 4 damage, and have 8/27 hp.
You closely miss the hobgoblin. You hit the hobgoblin but do no damage.
The hobgoblin barely misses you.
You barely miss the hobgoblin. The hobgoblin hits you with a club.
* * * LOW HITPOINT WARNING * * *
You take 2 damage, and have 6/27 hp.
You closely miss the hobgoblin. The hobgoblin hits you with a club.
* * * LOW HITPOINT WARNING * * *
You take 3 damage, and have 3/27 hp.
You closely miss the hobgoblin. The hobgoblin hits you with a club.
You die...

#......
#.....#
#.....#
#.....#
#.....#
#.....#+##
......#....#
.######.[..#
#..@g....#
#.###....#
#.#<#....#...
#.#.#....#...
#.#.#........
#.#.#......#
#.#.#).....#
#.#.#......#
#.#.'......#


You could see a hobgoblin.

Vanquished Creatures
  3 giant geckos
  7 goblins
  5 hobgoblins (D:1)
  A bat (D:1)
  A kobold (D:1)
  3 rats (D:1)
20 creatures vanquished.

Notes
Turn   | Place    | Note
--------------------------------------------------------------
     0 | D:1      | MackTheKnife the Merfolk Skald began the quest for the Orb.
     0 | D:1      | Reached XP level 1. HP: 16/16 MP: 3/3
    46 | D:1      | HP: 3/16 [hobgoblin (5)]
   328 | D:1      | Reached skill level 4 in Polearms
   328 | D:1      | Reached XP level 2. HP: 11/22 MP: 5/5
   962 | D:2      | Reached XP level 3. HP: 24/27 MP: 6/6
   979 | D:2      | HP: 6/27 [hobgoblin/club (3)]
   981 | D:2      | Slain by a hobgoblin

Vault maps used:
D:1:      lemuel_arrival_broad_hall
D:2:      first_bread, elyvilon_altar_5, uniq_sigmund

Action                   || total
-------------------------++-------
Melee: Spear             ||   108
Throw: Stone             ||     2

Vault maps used:
D:1:      lemuel_arrival_broad_hall
D:2:      first_bread, elyvilon_altar_5, uniq_sigmund

Table legend:
 A = Turns spent in this place as a percentage of turns spent in the entire game.
 B = Non-inter-level travel turns spent in this place as a percentage of non-inter-level travel turns spent in the entire game.
 C = Inter-level travel turns spent in this place as a percentage of turns spent in this place.
 D = Turns resting spent in this place as a percentage of non-inter-level travel turns spent in this place.
 E = Turns spent auto-exploring this place as a percentage of non-inter-level travel turns spent in this place.
 F = Non-inter-level travel turns spent in this place divided by the number of levels of this place that you've seen.
                   A       B       C       D       E      F
               +-------+-------+-------+-------+-------+----------------------
         Total | 100.0 | 100.0 |   0.4 |   5.5 |   6.3 | 127.5
       Dungeon | 100.0 | 100.0 |   0.4 |   5.5 |   6.3 | 127.5
               +-------+-------+-------+-------+-------+----------------------

Table legend:
 A = Kills in this place as a percentage of kills in entire the game.
 B = Kills by you in this place as a percentage of kills by you in the entire game.
 C = Kills by friends in this place as a percentage of kills by friends in the entire game.
 D = Other kills in this place as a percentage of other kills in the entire game.
 E = Experience gained in this place as a percentage of experience gained in the entire game.
 F = Experience gained in this place divided by the number of levels of this place that you have seen.
                   A       B       C       D       E      F
               +-------+-------+-------+-------+-------+----------------------
         Total | 100.0 | 100.0 |  -nan |  -nan | 100.0 |  17.0
       Dungeon | 100.0 | 100.0 |  -nan |  -nan | 100.0 |  17.0
               +-------+-------+-------+-------+-------+----------------------
